 Dungeon Crawl Stone Soup version 0.26-a0-771-g060e6a62af (console) character file.

Game seed: 4737226817568538181

413 jejorda2 the Skirmisher (level 6, -11/53 HPs)
             Began as a Ghoul Fighter on Nov 8, 2020.
             Mangled by an ogre
             ... wielding a +0 giant club
              (12 damage)
             ... on level 4 of the Dungeon.
             The game lasted 00:06:27 (3492 turns).

jejorda2 the Skirmisher (Ghoul Fighter)             Turns: 3492, Time: 00:06:27

Health: -11/53     AC: 12    Str: 21    XL:     6   Next: 90%
Magic:  5/5        EV:  4    Int:  4    God:
Gold:   125        SH:  9    Dex:  8    Spells: 5/5 levels left

rFire    . . .     SeeInvis .   a - +0 flail
rCold    + . .     Faith    +   c - +0 kite shield
rNeg     + + +     Spirit   .   s - +0 plate armour
rPois    ∞         Reflect  .   (no helmet)
rElec    .         Harm     .   (no cloak)
rCorr    .         Rampage  .   l - +0 pair of gloves
MR       .....                  (no boots)
Stlth    ..........             p - amulet of faith
HPRegen  0.00/turn              (no ring)
MPRegen  0.09/turn              (no ring)

@: no status effects
A: rotting body, claws 1, cold resistance 1, negative energy resistance 3,
inhibited regeneration, torment resistance, unbreathing
a: no special abilities


You were on level 4 of the Dungeon.
You visited 1 branch of the dungeon, and saw 4 of its levels.

You collected 125 gold pieces.

Inventory:

Hand Weapons
 a - a +0 flail (weapon)
Missiles
 n - 18 poisoned darts (quivered)
Armour
 c - a +0 kite shield (worn)
 l - a +0 pair of gloves (worn)
 s - a +0 plate armour (worn)
Jewellery
 p - an amulet of faith (around neck)
Wands
 k - a wand of random effects (13)
Scrolls
 g - a scroll of magic mapping {unknown}
 h - 2 scrolls of amnesia {unknown}
 i - a scroll of teleportation {unknown}
 j - 3 scrolls of enchant weapon {unknown}
 o - 3 scrolls of remove curse {unknown}
 r - a scroll of identify {unknown}
Potions
 d - a potion of mutation {unknown}
 e - 2 potions of lignification {unknown}
 f - a potion of berserk rage {unknown}
 m - 2 potions of degeneration {unknown}
 q - 2 potions of flight {unknown}


   Skills:
 + Level 4.6 Fighting
 * Level 4.2 Maces & Flails
 + Level 3.8 Armour
 + Level 3.9 Shields


You had 5 spell levels left.
You didn't know any spells.
Your spell library was empty.

Dungeon Overview and Level Annotations

Branches:
Dungeon (4/15)
 Temple: D:4-7

Altars:
Trog


Innate Abilities, Weirdness & Mutations

Your body is rotting away.
You thrive by killing the living.
You are immune to poison.
You have sharp fingernails.
Your flesh is cold resistant. (rC+)
You are immune to negative energy. (rN+++)
You do not regenerate when monsters are visible.
You are immune to unholy pain and torment.
You can survive without breathing.


Message History

You hit the ogre.
The ogre is heavily wounded.
The ogre hits you with a +0 giant club.
* * * LOW HITPOINT WARNING * * *
Evoke which item? (* to show all) (? for menu, Esc to quit)
Press: ? - help, Shift-Dir - straight line, f - adder
Aim: an adder The fireball explodes!
The fireball engulfs the ogre.
The ogre is severely wounded.
The fireball engulfs the adder!
The adder is severely wounded.
The fireball engulfs the adder!
The adder is severely wounded.
The fireball engulfs you!
* * * LOW HITPOINT WARNING * * *
Unknown command.
You barely miss the ogre.
The ogre is severely wounded.
The ogre hits you with a +0 giant club!
You die...

#.###### #...#
#......# #...# #
######.# #...#
.. ### #.# #...#
... ##
..##.#######...#
..##.
#.#............


.SS #.............. #O###.##....... #@..## ####### ##..# #..# #..# #.## #.# #.#
#.# You could see an ogre and 2 adders.

Vanquished Creatures
  A black bear (D:3)
  A phantom (D:4)
  A bullfrog (D:3)
  3 adders (D:3)
  6 gnolls
  A worm (D:2)
  A dart slug (D:3)
  9 orcs (D:3)
  11 bats
  6 giant cockroaches
  4 goblins
  5 hobgoblins
  3 jackals (D:1)
  A quokka (D:2)
  A ball python (D:1)
  5 frilled lizards
  6 kobolds
  A quokka skeleton (D:4)
  9 rats
75 creatures vanquished.

Notes
Turn   | Place    | Note
-------+----------+-------------------------------------------
     0 | D:1      | jejorda2 the Ghoul Fighter began the quest for the Orb.
     0 | D:1      | Reached XP level 1. HP: 19/19 MP: 0/0
    81 | D:1      | Reached XP level 2. HP: 26/26 MP: 1/1
   435 | D:1      | Reached XP level 3. HP: 31/31 MP: 2/2
   948 | D:2      | Found a bloodstained altar of Trog.
  1199 | D:2      | Reached XP level 4. HP: 30/40 MP: 3/3
  1296 | D:2      | HP: 2/40 [giant cockroach (1)]
  2268 | D:3      | Noticed a bullfrog
  2277 | D:3      | Killed a bullfrog
  2277 | D:3      | Reached XP level 5. HP: 34/46 MP: 4/4
  2470 | D:3      | Noticed a black bear
  2499 | D:3      | Killed a black bear
  2499 | D:3      | Reached XP level 6. HP: 45/53 MP: 5/5
  3405 | D:4      | Noticed a phantom
  3431 | D:4      | Killed a phantom
  3491 | D:4      | HP: 1/53 [shot self (10)]
  3492 | D:4      | Mangled by an ogre

Illustrated notes

Levels and vault maps discovered:
D:1:      eino_arrival_cavern_a, layout_loops_ring, st_stairs_1
D:2:      layout_basic, marbit_many_paths
D:3:      layout_basic, grunt_decor_cap
D:4:      layout_loops_cross

Skill      XL: |  1  2  3  4  5  6 |
---------------+-------------------+-----
Maces & Flails | 2 3 4 |  4.2
Shields        | 3 |  3.9
Armour         | 3 |  3.8
Fighting       | 4 |  4.6

Action                   |  1- 3 |  4- 6 || total
-------------------------+-------+-------++-------
Melee: Flail             |   132 |   192 ||   324
Throw: Dart              |       |     2 ||     2
Evoke: Wand              |       |     1 ||     1
  Use: Potion            |       |     1 ||     1
Armor: Scale mail        |    64 |    62 ||   126
       Plate armour      |       |    16 ||    16
Dodge: Dodged            |    50 |    46 ||    96
Block: Kite shield       |    69 |    94 ||   163

Table legend: (Time is in decaauts)
 A = Elapsed time spent in this place.
 B = Non-inter-level travel time spent in this place.
 C = Inter-level travel time spent in this place.
 D = Time resting spent in this place.
 E = Time spent auto-exploring this place.
 F = Levels seen in this place.
 G = Mean time per level.
                   A        B        C        D        E       F      G
               +--------+--------+--------+--------+--------+-----+--------+
         Total |   3598 |   3505 |     93 |      0 |   2752 |   4 |  899.5 |
       Dungeon |   3598 |   3505 |     93 |      0 |   2752 |   4 |  899.5 |
               +--------+--------+--------+--------+--------+-----+--------+

Top non-repeatable levels by time:
     D:3: 1446 daAuts
     D:2: 1320 daAuts
     D:1: 685 daAuts
     D:4: 146 daAuts
